 Dungeon Crawl Stone Soup version 0.28-a0-773-g130ae17fe5 (webtiles) character file.

Game seed: 1661503539312548349

2396 croobank the Geomancer (level 9, -11/51 HPs)
             Began as a Gargoyle Earth Elementalist on Nov 2, 2021.
             Mangled by Joseph (15 damage)
             ... on level 7 of the Dungeon.
             The game lasted 01:02:37 (6162 turns).

croobank the Geomancer (GrEE)                       Turns: 6162, Time: 01:02:38

Health: -11/51     AC: 12    Str: 15    XL:     9   Next: 46%
Magic:  16/17      EV: 12    Int: 16    God:
Gold:   273        SH:  0    Dex: 10    Spells: 4/19 levels left

rFire   . . .      SeeInvis .   g - +0 quarterstaff
rCold   + + .      Faith    .   (shield currently unavailable)
rNeg    + . .      Spirit   .   y - +2 leather armour {rC+}
rPois   ∞          Reflect  .   u - +0 helmet
rElec   +          Harm     .   d - scarf {repulsion}
rCorr   .          Rampage  .   (no gloves)
Will    .....                   (no boots)
Stlth   ++........              f - amulet of regeneration
HPRegen 1.17/turn               q - ring of protection from cold
MPRegen 0.15/turn               (no ring)

@: repel missiles
A: sickness immunity, AC +6, negative energy resistance 1, electricity
resistance, torment resistance 1, petrification resistance
a: no special abilities


You were on level 7 of the Dungeon.
You visited 1 branch of the dungeon, and saw 7 of its levels.

You collected 273 gold pieces.

Inventory:

Hand Weapons
 a - a +0 dagger
 g - a +0 quarterstaff (weapon)
 k - a +2 dagger of venom
 l - a +0 hand axe of freezing
 n - a +0 short sword
 p - a +0 shortbow
 C - a +1 dagger of speed
Missiles
 c - 69 stones
 w - 31 arrows
 D - 21 poisoned darts
 H - 6 javelins
Armour
 b - a +0 robe
 d - a scarf of repulsion (worn)
 j - a +0 scale mail
 m - a +0 leather armour
 o - a +0 ring mail
 r - a +0 chain mail
 t - a +1 scale mail of cold resistance
 u - a +0 helmet (worn)
 y - a +2 leather armour of cold resistance (worn)
 E - +0 steam dragon scales
 F - a +0 tower shield
Jewellery
 f - an amulet of regeneration (around neck)
 q - a ring of protection from cold (left hand)
 B - an amulet of guardian spirit
Scrolls
 e - a scroll of blinking
 h - a scroll of immolation
 i - 2 scrolls of teleportation
 s - a scroll of amnesia {unknown}
 v - a scroll of fog {unknown}
 x - 3 scrolls of magic mapping
Potions
 z - 6 potions of curing
 A - a potion of heal wounds
 G - a potion of might


   Skills:
 + Level 3.5 Fighting
 + Level 5.6 Staves
 + Level 1.9 Armour
 + Level 3.7 Dodging
 + Level 3.7 Stealth
 + Level 5.6 Spellcasting
 + Level 1.1 Conjurations
 + Level 0.7 Transmutations
 + Level 8.2 Earth Magic
 + Level 1.7 Evocations


You had 4 spell levels left.
You knew the following spells:

 Your Spells              Type           Power      Damage    Failure   Level
a - Sandblast             Erth           60%        2d14      1%          1
b - Slow                  Hex            16%        N/A       17%         1
c - Swiftness             Air            4%         N/A       45%         3
d - Shock                 Conj/Air       24%        1d4       14%         1
e - Passwall              Tmut/Erth      15%        N/A       4%          2
f - Stone Arrow           Conj/Erth      38%        3d9       8%          3
g - Petrify               Tmut/Erth      18%        N/A       28%         4

Your spell library contained the following spells:

 Spells                   Type           Power      Damage    Failure   Level
 Confusing Touch          Hex            4%         N/A       45%         3
 Ozocubu's Armour         Ice            4%         N/A       45%         3
 Vampiric Draining        Necr           4%         2d6       45%         3
 Airstrike                Air            2%         N/A       86%         4
 Ozocubu's Refrigeration  Ice            2%         4d5       100%        7


Dungeon Overview and Level Annotations

Branches:
Dungeon (7/15)             Temple (0/1) D:5

Altars:
Dithmenos
Elyvilon
Gozag
Nemelex Xobeh
Okawaru
Trog

Annotations:
D:7 Joseph


Innate Abilities, Weirdness & Mutations

You are immune to sickness and miasma.
Your stone body is resilient. (AC +6)
You are immune to poison.
You resist negative energy. (rN+)
You are resistant to electric shocks. (rElec)
You are resistant to unholy torment.
You are immune to petrification.


Message History

You closely miss the wight.
The wight is severely damaged.
The wight barely misses you.
Joseph tries to grin evilly.
You barely miss the wight.
The wight is severely damaged.
The wight barely misses you.
You sock the wight!
You destroy the wight!
Joseph says, "I'm happy to see you. And I'll be happy to kill you."
Joseph shoots a sling bullet.
The sling bullet misses you.
Joseph unwields a +0 hunting sling.
Joseph wields a +0 quarterstaff.
Joseph barely misses you.
Things that are here:
a +0 mace; a +0 robe You hit Joseph but do no damage.
Joseph barely misses you.
You barely miss Joseph. Joseph hits you with a +0 quarterstaff.
You barely miss Joseph. Joseph hits you with a +0 quarterstaff!
You barely miss Joseph. Joseph hits you with a +0 quarterstaff.
You sock Joseph!
Joseph is lightly wounded.
Joseph hits you with a +0 quarterstaff.
You hit Joseph.
Joseph is lightly wounded.
Joseph hits you with a +0 quarterstaff!
You hit Joseph but do no damage.
Joseph is lightly wounded.
Joseph hits you with a +0 quarterstaff!
* * * LOW HITPOINT WARNING * * *
You closely miss Joseph.
Joseph is lightly wounded.
Joseph misses you.
You closely miss Joseph.
Joseph is lightly wounded.
Joseph hits you with a +0 quarterstaff!
* * * LOW HITPOINT WARNING * * *
You hit Joseph but do no damage.
Joseph is lightly wounded.
Joseph hits you with a +0 quarterstaff!
You die...

## #.######.#
#....#.........
#.+ ..#
#....#..#######
#.# #..
##..##..# #.#
#. ##.##..# #..
#.. #..#..# #..
#...#####.#..#
#..
#...........#
###.###..######
#@# #.>.....#
#@# ##......#
#l####......#
#z..!.......#
#...........+
#...........+
#[............
#<.)!..#......
##.....#......


You could see Joseph, an iguana and a wight.

Vanquished Creatures
  A wyvern (D:7)
  A steam dragon (D:7)
  The ghost of horus123 the Magician, an amateur DECj (D:3)
  A water moccasin (D:7)
  An ice beast (D:6)
  2 black bears (D:5)
  2 sky beasts (D:6)
  A necrophage (D:4)
  A centaur (D:5)
  A phantom (D:6)
  A kobold brigand (D:6)
  2 scorpions
  6 wights
  2 bullfrog zombies
  7 hounds
  2 jellies
  A bullfrog skeleton (D:6)
  3 orc priests
  2 iguanas
  Ijyb (D:3)
  A scorpion zombie (D:5)
  A hound zombie (D:5)
  4 gnolls
  A howler monkey skeleton (D:6)
  8 adders
  An ufetubus (D:6)
  2 dart slugs
  14 orcs
  7 ball pythons
  4 endoplasms
  5 giant cockroaches
  9 goblins
  4 hobgoblins (D:7)
  8 jackals
  11 kobolds
  3 quokkas
  3 bats
  7 rats
132 creatures vanquished.

Notes
Turn   | Place    | Note
-------+----------+-------------------------------------------
     0 | D:1      | croobank the Gargoyle Earth Elementalist began the quest
                  | for the Orb.
     0 | D:1      | Reached XP level 1. HP: 10/10 MP: 3/3
   157 | D:1      | Reached XP level 2. HP: 13/15 MP: 3/5
   365 | D:1      | Reached skill level 4 in Earth Magic
   427 | D:1      | You fall into a shaft and drop 1 floor!
   585 | D:2      | Reached XP level 3. HP: 19/19 MP: 3/6
   587 | D:2      | Found a faded altar of an unknown god.
  1125 | D:3      | Found a runed translucent door.
  1132 | D:3      | Learned a level 1 spell: Slow
  1132 | D:3      | Noticed horus123's ghost (amateur DECj)
  1139 | D:3      | Found an opulent altar of Gozag.
  1171 | D:3      | Learned a level 3 spell: Swiftness
  1259 | D:3      | Reached skill level 1 in Staves
  1477 | D:3      | Reached XP level 4. HP: 24/24 MP: 5/7
  1606 | D:3      | Killed horus123's ghost
  1607 | D:3      | Reached skill level 5 in Earth Magic
  1607 | D:3      | Reached XP level 5. HP: 25/28 MP: 6/9
  1627 | D:3      | Learned a level 1 spell: Shock
  1630 | D:3      | Learned a level 2 spell: Passwall
  1646 | D:4      | Noticed Ijyb
  1651 | D:4      | Paralysed by Ijyb for 2 turns
  1656 | D:4      | Paralysed by Ijyb for 4 turns
  1667 | D:3      | Paralysed by Ijyb for 7 turns
  1677 | D:3      | Paralysed by Ijyb for 3 turns
  1729 | D:3      | Killed Ijyb
  1730 | D:3      | Reached skill level 1 in Fighting
  1914 | D:4      | Reached XP level 6. HP: 35/35 MP: 6/10
  1927 | D:4      | Reached skill level 1 in Conjurations
  1947 | D:4      | Reached skill level 1 in Evocations
  3448 | D:4      | Noticed a necrophage
  3460 | D:4      | Killed a necrophage
  3609 | D:4      | Found a sparkling altar of Nemelex Xobeh.
  3818 | D:5      | Entered Level 5 of the Dungeon
  3835 | D:5      | Learned a level 3 spell: Stone Arrow
  3847 | D:5      | Reached XP level 7. HP: 30/39 MP: 6/12
  3851 | D:5      | Reached skill level 6 in Earth Magic
  4217 | D:5      | Found a shadowy altar of Dithmenos.
  4337 | D:5      | Reached XP level 8. HP: 42/45 MP: 12/14
  4434 | D:5      | Found a staircase to the Ecumenical Temple.
  4708 | D:5      | Learned a level 4 spell: Petrify
  4871 | D:6      | Reached skill level 7 in Earth Magic
  5060 | D:6      | Reached skill level 5 in Spellcasting
  5233 | D:6      | Found an iron altar of Okawaru.
  5338 | D:6      | Reached XP level 9. HP: 50/50 MP: 16/16
  5480 | D:6      | Reached skill level 5 in Staves
  5669 | D:7      | Found a bloodstained altar of Trog.
  5675 | D:7      | Reached skill level 1 in Armour
  5770 | D:7      | Found a white marble altar of Elyvilon.
  5904 | D:7      | Reached skill level 8 in Earth Magic
  6122 | D:7      | Noticed Joseph
  6162 | D:7      | Mangled by Joseph

Illustrated notes

Levels and vault maps discovered:
D:1:      lightli_arrival_flooded_house, layout_loops_cross, st_stairs_5
D:2:      layout_basic, basic_ecumenical_altar
D:3:      layout_rooms, mainiacjoe_overflow_surrounded_room,
          ebering_ghost_sewer_d, minivault_19
D:4:      layout_cave_pods, nicolae_overflow_hidden_temple, uniq_ijyb
D:5:      layout_gridville, kennysheep_little_box, temple_statues
D:6:      layout_loops_ring, kennysheep_mini_moat, portal_sewer_entry_b,
          kennysheep_generic_room_6
D:7:      corexii_shantytown, layout_basic, mainiacjoe_overflow_small_starburst,
          mainiacjoe_overflow_cross_hatched, uniq_joseph

Skill      XL: |  1  2  3  4  5  6  7  8  9 |
---------------+----------------------------+-----
Earth Magic    | 4 5 6 7 8 |  8.2
Dodging        | 2 3 |  3.7
Staves         | 1 2 3 4 5 |  5.6
Spellcasting   | 3 4 5 |  5.6
Fighting       | 1 2 3 |  3.5
Conjurations   | 1 |  1.1
Evocations     | 1 |  1.7
Stealth        | 3 |  3.7
Armour         | 1 |  1.9
Transmutations | |  0.7

Action                   |  1- 3 |  4- 6 |  7- 9 || total
-------------------------+-------+-------+-------++-------
Melee: Dagger            |    20 |       |       ||    20
       Quarterstaff      |    49 |    62 |   257 ||   368
 Cast: Sandblast         |    25 |    53 |    82 ||   160
       Slow              |       |     1 |     3 ||     4
       Shock             |       |       |     2 ||     2
       Stone Arrow       |       |       |     3 ||     3
Evoke: Wand              |       |    16 |     7 ||    23
  Use: Potion            |     1 |     3 |     2 ||     6
       Scroll            |     3 |     2 |     3 ||     8
 Stab: Sleeping          |       |       |     2 ||     2
       Distracted        |       |       |     1 ||     1
Armor: Robe              |    23 |    28 |    50 ||   101
       Leather armour    |       |       |    51 ||    51
       Skin              |       |       |     2 ||     2
Dodge: Dodged            |    60 |    47 |   193 ||   300

Table legend: (Time is in decaauts)
 A = Elapsed time spent in this place.
 B = Non-inter-level travel time spent in this place.
 C = Inter-level travel time spent in this place.
 D = Time resting spent in this place.
 E = Time spent auto-exploring this place.
 F = Levels seen in this place.
 G = Mean time per level.
                   A        B        C        D        E       F      G
               +--------+--------+--------+--------+--------+-----+--------+
         Total |   6216 |   6098 |    118 |   1165 |   3202 |   7 |  888.0 |
       Dungeon |   6216 |   6098 |    118 |   1165 |   3202 |   7 |  888.0 |
               +--------+--------+--------+--------+--------+-----+--------+

Top non-repeatable levels by time:
     D:4: 1958 daAuts
     D:5: 940 daAuts
     D:6: 932 daAuts
     D:3: 753 daAuts
     D:2: 708 daAuts
     D:7: 495 daAuts
     D:1: 427 daAuts
